 Dungeon Crawl Stone Soup version 0.29-a0-416-g83a48905f1 (webtiles) character file.

Game seed: 6925523893719704944

13297 Bruhh the Fighter (level 12, -1/198 HPs)
             Began as an Ogre Earth Elementalist on May 16, 2022.
             Was a Priest of Vehumet.
             Slain by Rupert
             ... wielding a +3 vorpal great mace
              (21 damage)
             ... on level 13 of the Dungeon.
             The game lasted 00:23:12 (17943 turns).

Bruhh the Fighter (Ogre Earth Elementalist)        Turns: 17943, Time: 00:23:13

Health: -1/198     AC: 26    Str: 19 (21) XL:     12   Next: 4%
Magic:  12/25      EV:  1    Int: 18 (20) God:    Vehumet [***...]
Gold:   691        SH:  0    Dex:  9      Spells: 20/29 levels left

rFire   . . .      SeeInvis .   l - +1 flail "Bafymmij" {protect, rElec rPois}
rCold   . . .      Faith    .   (no shield)
rNeg    . . .      Spirit   .   (body armour currently unavailable)
rPois   +          Reflect  .   (helmet currently unavailable)
rElec   +          Harm     .   (cloak currently unavailable)
rCorr   .          Rampage  .   (gloves unavailable)
Will    ++...      NoTele   +   (boots unavailable)
Stlth   +.........              (no amulet)
HPRegen 0.43/turn               K - +4 ring of evasion
MPRegen 0.19/turn               F - +6 ring of strength

@: tree-form, invisible
A: stationary, stasis, torment immunity, boosted hp, large, unfitting armour,
(tough skin 1), (fire resistance 1), strong-willed 1
a: Renounce Religion


You were on level 13 of the Dungeon.
You worshipped Vehumet.
Vehumet was most pleased with you.
You were a tree.
You visited 2 branches of the dungeon, and saw 16 of its levels.

You collected 691 gold pieces.

Inventory:

Hand Weapons
 l - the +1 flail "Bafymmij" (weapon) {protect, rElec rPois}
   (You found it on level 2 of the Dungeon)

   It grants its wielder temporary protection when it strikes (+7 to AC).
   rElec:     It insulates you from electricity.
   rPois:     It protects you from poison.
Missiles
 i - 46 poisoned darts
 t - a throwing net
 u - 157 stones
Armour
 b - a +0 robe
 p - a +1 cloak (melded)
 w - a +2 robe of positive energy (melded)
 G - a +0 buckler
Magical Staves
 s - a staff of conjuration
 H - a staff of earth
Jewellery
 F - a +6 ring of strength (right branch)
 K - a +4 ring of evasion (left branch)
 L - a ring of resist corrosion
 O - a ring of poison resistance
 Q - an amulet of reflection
Wands
 y - a wand of mindburst (10)
 M - a wand of flame (9)
Scrolls
 a - 2 scrolls of immolation
 f - 2 scrolls of enchant armour
 h - 2 scrolls of magic mapping
 j - 3 scrolls of brand weapon {unknown}
 k - 8 scrolls of teleportation
 A - 8 scrolls of identify
 B - a scroll of fear {unknown}
 D - 5 scrolls of noise
 E - 4 scrolls of enchant weapon {unknown}
 J - a scroll of poison {unknown}
 N - a scroll of summoning {unknown}
 P - a scroll of acquirement {unknown}
Potions
 c - 3 potions of haste
 d - a potion of magic
 g - a potion of berserk rage
 m - 2 potions of attraction
 n - a potion of lignification
 o - 2 potions of degeneration
 q - 6 potions of flight
 r - 2 potions of ambrosia
 v - a potion of heal wounds
 x - a potion of invisibility
 z - a potion of mutation
 I - 2 potions of might


   Skills:
 - Level 12.0 Fighting
 + Level 9.3 Dodging
 - Level 1.4 Stealth
 - Level 9.0 Spellcasting
 - Level 4.0 Conjurations
 + Level 5.1 Transmutations
 - Level 8.0 Earth Magic
 - Level 1.0 Poison Magic


You had 20 spell levels left.
You knew the following spells:

 Your Spells              Type           Power      Damage    Failure   Level
a - Sandblast             Erth           72%        2d16      1%          1
b - Stone Arrow           Conj/Erth      58%        3d10      1%          3
c - Poisonous Vapours     Pois/Air       18%        N/A       3%          2
d - Frozen Ramparts       Ice            16%        1d3       7%          3

Your spell library contained the following spells:

 Spells                   Type           Power      Damage    Failure   Level
 Passwall                 Tmut/Erth      25%        N/A       1%          2
 Petrify                  Tmut/Erth      31%        N/A       6%          4
 Spider Form              Tmut/Pois      19%        N/A       8%          3
 Corpse Rot               Necr/Air       16%        N/A       13%         2
 Statue Form              Tmut/Erth      20%        N/A       67%         6
 Metabolic Englaciation   Hex/Ice        4%         N/A       94%         5


Dungeon Overview and Level Annotations

Branches:
Dungeon (15/15)            Temple (1/1) D:4            Lair (0/6) D:10
    Orc (0/2) D:11         Depths (0/4) D:15
 Vaults: D:13-14

Altars:
Ashenzari
Cheibriados
Dithmenos
Elyvilon
Fedhas
Gozag
Hepliaklqana
Kikubaaqudgha
Makhleb
Nemelex Xobeh
Okawaru
Qazlal
Ru
Sif Muna
Trog
Uskayaw
Vehumet
Wu Jian
Xom
Yredelemnul
Zin
The Shining One

Shops:
D:2 =

Annotations:
D:5 2 transporters, supermoro's ghost, novice GrFi
D:10 2 runed translucent doors
D:13 Rupert


Innate Abilities, Weirdness & Mutations

You are a tree.
Your roots penetrate the ground, keeping you stationary.
You cannot be teleported.
You are immune to unholy pain and torment.
Your maximum health is greatly increased.
Your equipment is partially melded.
You are too large for most types of armour.
((You have tough skin. (AC +1)))
((Your flesh is heat resistant. (rF+)))
You are strong-willed. (Will+)


Message History

Unknown command.
You cannot move. (Use ctrl+direction or * direction to attack while stationary and confused.)
You closely miss Rupert. Rupert roars wildly at you.
You struggle to resist.
You swing at nothing.
Rupert yells loudly at you.
You are more confused.
You hit Rupert but do no damage.
Your weapon exudes an aura of protection.
Rupert hits you but does no damage.
Rupert hits you with a +3 vorpal great mace!
You hit Rupert but do no damage.
Rupert hits you with a +3 vorpal great mace!
You swing at nothing.
Rupert roars madly and goes into a rage!
Rupert goes berserk!
Rupert hits you but does no damage.
You swing at nothing.
Rupert hits you with a +3 vorpal great mace!
Rupert hits you with a +3 vorpal great mace!!
It was a potion of mutation.
You feel extremely strange.
You feel strong-willed.
You feel resistant to heat.
Rupert hits you with a +3 vorpal great mace.
It was a potion of invisibility.
You fade into invisibility!
Rupert hits you with a +3 vorpal great mace!!!
* * * LOW HITPOINT WARNING * * *
x2 Rupert hits you with a +3 vorpal great mace!!
* * * LOW HITPOINT WARNING * * *
x2 It was a potion of heal wounds.
You feel much better.
You feel less confused. Rupert hits you but does no damage.
As you read the scroll labelled NOGECW ZUXOENI, it crumbles to dust.
You hear a loud clanging noise!
It was a scroll of noise.
You hear an angry buzzing noise.
Rupert hits you with a +3 vorpal great mace!
* * * LOW HITPOINT WARNING * * *
x2 Rupert hits you with a +3 vorpal great mace!!
You die...

###################
...................
.................#.
....#.....@♣.......
... #..............
. #..............
.................
#######..........
#.......###
#.......# +......>#


You could see Rupert (berserk, can't see you).

Vanquished Creatures
  2 hydras
  2 two-headed ogres
  Pikel (D:5)
  4 manticores
  A komodo dragon (D:10)
  2 unseen horrors
  2 trolls (D:10)
  Prince Ribbit (D:8)
  Sigmund (D:2)
  3 shadows
  2 wraiths
  A yak (D:10)
  A basilisk (D:7)
  5 wyverns
  4 vampire mosquitoes (D:10)
  A steam dragon (D:6)
  Edmund (D:5)
  Menkaure (D:5)
  4 water moccasins
  3 orc warriors
  2 sky beasts
  An ice beast (D:7)
  5 black bears
  7 centaurs
  An ogre (D:4)
  3 lemures
  8 bullfrogs
  3 kobold brigands
  Blork the orc (D:5)
  A water moccasin zombie (D:6)
  4 scorpions
  10 wights
  3 howler monkeys
  3 centaur zombies (D:6)
  A bullfrog zombie (D:6)
  A jelly (D:5)
  3 hounds
  5 orc priests
  Crazy Yiuf (D:3)
  A gnoll shaman (D:4)
  Jessica (D:2)
  Natasha (thrice) (D:3)
  9 orc wizards
  2 iguanas
  A killer bee zombie (D:6)
  3 gnolls (D:4)
  4 adders
  A shadow imp (D:8)
  3 dart slugs
  44 orcs
  2 endoplasms (D:2)
  4 giant cockroaches
  4 goblins
  11 hobgoblins
  23 kobolds
  3 quokkas
  9 ball pythons
  6 bats
  5 frilled lizards
  2 rats (D:1)
246 creatures vanquished.

Vanquished Creatures (others)
  43 fungi
  32 plants (D:10)
75 creatures vanquished.

Grand Total: 321 creatures vanquished

Notes
Turn   | Place    | Note
-------+----------+-------------------------------------------
     0 | D:1      | Bruhh the Ogre Earth Elementalist began the quest for the
                  | Orb.
     0 | D:1      | Reached XP level 1. HP: 16/16 MP: 3/3
   444 | D:1      | Reached XP level 2. HP: 24/24 MP: 0/5
  1421 | D:2      | Identified the +1 flail "Bafymmij" {protect, rElec rPois}
  1450 | D:2      | Noticed Jessica
  1456 | D:2      | Killed Jessica
  1457 | D:2      | Reached XP level 3. HP: 31/31 MP: 4/7
  1602 | D:2      | Noticed Sigmund
  1629 | D:3      | Found a large runed translucent door.
  1630 | D:3      | Found a large runed translucent door.
  1787 | D:3      | Reached XP level 4. HP: 39/39 MP: 2/8
  1990 | D:3      | Noticed Natasha
  1993 | D:3      | Killed Natasha
  2115 | D:3      | Noticed Natasha
  2124 | D:3      | Killed Natasha
  2133 | D:3      | Reached XP level 5. HP: 37/45 MP: 6/10
  2374 | D:3      | Found a runed translucent door.
  2375 | D:3      | Noticed Crazy Yiuf
  2516 | D:3      | Noticed Natasha
  2518 | D:3      | Killed Natasha
  2728 | D:3      | Found an iron altar of Okawaru.
  2750 | D:3      | Found a snail-covered altar of Cheibriados.
  2811 | D:3      | Killed Crazy Yiuf
  3158 | D:2      | Reached skill level 5 in Earth Magic
  3279 | D:2      | Learned a level 3 spell: Stone Arrow
  3321 | D:2      | Found Fouber's Jewellery Shop.
  3407 | D:2      | Reached XP level 6. HP: 52/53 MP: 7/12
  3582 | D:2      | Killed Sigmund
  3583 | D:2      | Reached skill level 5 in Spellcasting
  4064 | D:4      | Found a staircase to the Ecumenical Temple.
  4107 | Temple   | Entered the Ecumenical Temple
  4357 | Temple   | Became a worshipper of Vehumet
  4607 | D:4      | Reached XP level 7. HP: 59/59 MP: 1/14
  4785 | D:4      | Noticed a +0 spear
  4785 | D:4      | Noticed a +0 falchion
  4787 | D:4      | Noticed a +0 spear
  4789 | D:4      | Noticed a +0 dagger
  4793 | D:4      | Noticed a +0 short sword
  4871 | D:4      | Noticed a +0 short sword
  4873 | D:4      | Noticed a +0 dagger
  4875 | D:4      | Noticed a +0 falchion
  4915 | D:4      | Reached skill level 1 in Fighting
  5179 | D:4      | Found an opulent altar of Gozag.
  5323 | D:4      | Found a hide-covered altar of Uskayaw.
  5345 | D:4      | Found a white marble altar of Elyvilon.
  5387 | D:4      | Found a glowing golden altar of the Shining One.
  5536 | D:5      | Entered Level 5 of the Dungeon
  5590 | D:5      | Reached skill level 2 in Fighting
  5776 | D:5      | Found a transporter.
  5778 | D:5      | Found a transporter.
  5778 | D:5      | Noticed supermoro's ghost (novice GrFi)
  5868 | D:5      | Noticed Blork the orc
  5871 | D:5      | Killed Blork the orc
  6009 | D:5      | Reached skill level 3 in Fighting
  6201 | D:5      | Noticed Pikel
  6224 | D:5      | Reached skill level 4 in Fighting
  6224 | D:5      | Reached XP level 8. HP: 76/78 MP: 0/16
  6705 | D:5      | Noticed Menkaure
  6707 | D:5      | Killed Menkaure
  6708 | D:5      | Reached skill level 5 in Fighting
  6816 | D:5      | Found an ornate altar of the Wu Jian Council.
  7398 | D:5      | Killed Pikel
  7399 | D:5      | Reached skill level 6 in Fighting
  7520 | D:5      | Noticed Edmund
  7528 | D:5      | Killed Edmund
  7529 | D:5      | Reached skill level 7 in Fighting
  7770 | D:6      | Reached XP level 9. HP: 93/93 MP: 4/20
  7977 | D:6      | Reached * piety under Vehumet
  7977 | D:6      | Offered knowledge of Freeze by Vehumet.
  8110 | D:6      | Reached skill level 8 in Fighting
  8886 | D:6      | Found a basalt altar of Yredelemnul.
  9264 | D:7      | Reached skill level 9 in Fighting
  9267 | D:7      | Learned a level 2 spell: Poisonous Vapours
  9309 | D:7      | Reached skill level 1 in Poison Magic
  9559 | D:7      | Reached skill level 10 in Fighting
 10131 | D:7      | Reached skill level 11 in Fighting
 10315 | D:7      | Reached XP level 10. HP: 56/115 MP: 1/23
 10584 | D:7      | Reached skill level 12 in Fighting
 11111 | D:8      | Offered knowledge of Foxfire by Vehumet.
 11113 | D:8      | Reached ** piety under Vehumet
 11330 | D:8      | Noticed Prince Ribbit
 11334 | D:8      | Killed Prince Ribbit
 11465 | D:8      | Found a glowing silver altar of Zin.
 11826 | D:8      | Found a sparkling altar of Nemelex Xobeh.
 11827 | D:8      | Found a bloodstained altar of Trog.
 11867 | D:8      | Found a shadowy altar of Dithmenos.
 13554 | D:9      | Reached skill level 5 in Dodging
 14181 | D:9      | Offered knowledge of Conjure Flame by Vehumet.
 14280 | D:10     | Entered Level 10 of the Dungeon
 14328 | D:10     | Found a staircase to the Lair.
 14360 | D:10     | Found a stormy altar of Qazlal.
 14443 | D:9      | Reached XP level 11. HP: 74/123 MP: 9/24
 15285 | D:10     | Reached *** piety under Vehumet
 15882 | D:10     | Got Sif Muna's Disquisition on Dusty Moulding
 15958 | D:10     | Found a runed translucent door.
 15962 | D:10     | Found a runed translucent door.
 16070 | D:10     | Found the +7 Throatcutter {drain, coup de grace}
 16126 | D:11     | Noticed a manticore
 16131 | D:11     | Killed a manticore
 16190 | D:11     | Noticed a manticore
 16190 | D:11     | Noticed a two-headed ogre
 16194 | D:11     | Killed a two-headed ogre
 16195 | D:11     | Reached skill level 1 in Transmutations
 16202 | D:11     | Killed a manticore
 16643 | D:11     | Noticed an eight-headed hydra
 16648 | D:11     | Killed an eight-headed hydra
 16734 | D:11     | HP: 5/123 [something (3)]
 16736 | D:11     | HP: 2/123 [something (8)]
 17243 | D:11     | Offered knowledge of Frozen Ramparts by Vehumet.
 17327 | D:11     | Found a staircase to the Orcish Mines.
 17332 | D:11     | Learned a level 3 spell: Frozen Ramparts
 17531 | D:12     | Noticed a seven-headed hydra
 17536 | D:12     | Killed a seven-headed hydra
 17647 | D:12     | You fall into a shaft and drop 3 floors!
 17647 | D:15     | Entered Level 15 of the Dungeon
 17655 | D:15     | Noticed a manticore
 17656 | D:15     | Noticed a manticore
 17662 | D:15     | Killed a manticore
 17666 | D:15     | Killed a manticore
 17814 | D:15     | Noticed a skeletal warrior
 17814 | D:15     | Noticed a skeletal warrior
 17832 | D:14     | Noticed a catoblepas
 17834 | D:14     | Noticed a two-headed ogre
 17834 | D:14     | Noticed an ogre mage
 17834 | D:14     | Noticed a two-headed ogre
 17834 | D:14     | Noticed a two-headed ogre
 17834 | D:14     | Noticed a two-headed ogre
 17834 | D:14     | Noticed a brown ugly thing
 17834 | D:14     | Noticed a brown ugly thing
 17835 | D:14     | Noticed a brown ugly thing
 17908 | D:13     | Noticed a two-headed ogre
 17913 | D:13     | Killed a two-headed ogre
 17914 | D:13     | Reached skill level 5 in Transmutations
 17914 | D:13     | Reached XP level 12. HP: 132/132 MP: 6/25
 17917 | D:13     | Noticed an ironbound preserver
 17924 | D:13     | Noticed Rupert
 17940 | D:13     | Gained mutation: You are strong-willed. (Will+) [potion of
                  | mutation]
 17940 | D:13     | Gained mutation: Your flesh is heat resistant. (rF+)
                  | [potion of mutation]
 17943 | D:13     | Slain by Rupert

Illustrated notes

Levels and vault maps discovered:
D:1:      dpeg_arrival_castle, layout_basic
D:2:      layout_basic, serial_shops, shop, minmay_vboxes, uniq_sigmund,
          uniq_jessica
D:3:      layout_loops_corners, jmf_multi_god_temple2, uniq_crazy_yiuf_cottage,
          uniq_natasha
D:4:      layout_cave_pools, lemuel_crystal_altar, nicolae_uskayaw_en_pointe,
          lemuel_doored_altar, mainiacjoe_overflow_24_doors,
          minmay_temple_entry_waves, eino_small_chamber_without_monster,
          solitary_fountain
D:5:      layout_loops_cross, mainiacjoe_overflow_alcove_4,
          gammafunk_ghost_mausoleum, uniq_blork_the_orc, uniq_edmund,
          uniq_menkaure, uniq_pikel
D:6:      layout_basic, nicolae_yredelemnul_corpse_copse,
          nicolae_ossuary_entry_plus
D:7:      layout_cave_pods
D:8:      layout_loops_ring, mainiacjoe_overflow_brackets, lemuel_round_altar,
          gammafunk_temple_overflow_statue, uniq_prince_ribbit1
D:9:      layout_basic
D:10:     lemuel_insect_pit, layout_cross, nicolae_qazlal_general_emergency,
          due_lair_maze_entry_diamond
D:11:     layout_basic, orc_0_dummy
D:12:     layout_basic, serial_shops, kennysheep_mini_moat,
          chequers_serial_rivers_room_a, uniq_lodul, uniq_fannar
D:13:     layout_stronghold, skrybe_vaults_entry_preservation,
          gauntlet_entry_generic, uniq_rupert
D:14:     layout_small_grid, fountainhead, chequers_serial_rivers_micro_a
D:15:     hangedman_depths_entry_try_elsewhere_first, layout_basic,
          corexii_leaking_fountain, serial_shops, nicolae_shop_behind_doors,
          uniq_nessos
Temple:   compressed_dpeg_triangle_lava_temple

Skill      XL: |  1  2  3  4  5  6  7  8  9 10 11 |
---------------+----------------------------------+-----
Earth Magic    | 3 4 5 7 8 |  8.0
Spellcasting   | 3 4 5 7 9 |  9.0
Conjurations   | 3 4 |  4.0
Fighting       | 4 7 11 12 | 12.0
Poison Magic   | 1 |  1.0
Dodging        | 5 9 |  9.3
Transmutations | 5 |  5.1
Stealth        | |  1.4

Action                   |  1- 3 |  4- 6 |  7- 9 | 10-12 || total
-------------------------+-------+-------+-------+-------++-------
Melee: Unarmed           |    23 |       |       |       ||    23
       Flail             |    15 |    44 |    83 |   116 ||   258
       Punch             |       |       |     1 |     1 ||     2
 Cast: Sandblast         |    31 |    49 |       |    59 ||   139
       Stone Arrow       |       |    20 |   135 |   164 ||   319
       Poisonous Vapours |       |       |       |     3 ||     3
  Use: Potion            |       |     1 |     2 |    13 ||    16
       Scroll            |       |       |     7 |     7 ||    14
Armor: Robe              |    20 |    26 |   104 |   146 ||   296
       Skin              |       |       |       |     3 ||     3
Dodge: Dodged            |    28 |    48 |   129 |   210 ||   415

Table legend: (Time is in decaauts)
 A = Elapsed time spent in this place.
 B = Non-inter-level travel time spent in this place.
 C = Inter-level travel time spent in this place.
 D = Time resting spent in this place.
 E = Time spent auto-exploring this place.
 F = Levels seen in this place.
 G = Mean time per level.
                   A        B        C        D        E       F      G
               +--------+--------+--------+--------+--------+-----+--------+
         Total |  18070 |  17730 |    340 |   2293 |  13376 |  16 | 1129.4 |
       Dungeon |  17799 |  17459 |    340 |   2293 |  13167 |  15 | 1186.6 |
        Temple |    270 |    270 |      0 |      0 |    209 |   1 |  270.0 |
               +--------+--------+--------+--------+--------+-----+--------+

Top non-repeatable levels by time:
     D:8: 2385 daAuts
     D:4: 2176 daAuts
     D:7: 1877 daAuts
     D:3: 1557 daAuts
    D:10: 1550 daAuts
     D:5: 1543 daAuts
     D:6: 1447 daAuts
     D:1: 1373 daAuts
    D:11: 1328 daAuts
     D:9: 1117 daAuts
     D:2: 927 daAuts
  Temple: 270 daAuts
    D:12: 213 daAuts
    D:15: 184 daAuts
    D:13: 113 daAuts
